 Dungeon Crawl Stone Soup version 0.16.2-12-gd0ad4c3 (webtiles) character file.

37086 Charly the Severer (level 13, 0/117 HPs)
             Began as a Deep Dwarf Fighter on Oct 23, 2016.
             Was the Champion of Makhleb.
             Slain by a seven-headed hydra (2 damage)
             ... on level 5 of the Swamp on Oct 24, 2016.
             The game lasted 01:56:43 (5516 turns).

Charly the Severer (Deep Dwarf Fighter)             Turns: 5516, Time: 01:56:43

Health: 0/117      AC: 27    Str: 23    XL:     13   Next: 56%
Magic:  5/5        EV: 13    Int: 12    God:    Makhleb [******]
Gold:   804        SH:  0    Dex: 20    Spells: 0 memorised, 12 levels left

rFire  . . .     SeeInvis .     w - +0 flail (protect)
rCold  + . .     Clarity  .     u - +2 chain mail {rC+}
rNeg   + . .     SustAb   .     (no shield)
rPois  +         Gourm    .     s - +1 helmet
rElec  +         Spirit   .     y - +1 cloak "Sabuziz" {rElec rN+ Regen+ Str-4 Int-2}
rCorr  .         Warding  .     e - +0 pair of gloves
rMut   .         Rnd*Tele +     v - +0 pair of boots of Altruism {rPois Int+2}
MR     ++...                    (no amulet)
Stlth  ..........               o - +5 ring of dexterity
                                F - ring of Order {MR+ Str+6 Stlth-}

@: very slightly contaminated, non-regenerating, invisible, very resistant to
hostile enchantments, extremely unstealthy
A: damage resistance, recharge devices, claws 1, blink 1, clever 1, sense
surroundings 2, poison resistance, screaming 1, slow healing 3, teleportitis 1
a: Device Recharging, Blink, Minor Destruction, Lesser Servant of Makhleb, Major
Destruction, Greater Servant of Makhleb, Renounce Religion


You were on level 5 of the Swamp.
You worshipped Makhleb.
Makhleb was exalted by your worship.
You were very hungry.

You visited 5 branches of the dungeon, and saw 33 of its levels.
You also visited: Bailey.

You collected 1227 gold pieces.
You spent 423 gold pieces at shops.

Inventory:

Hand weapons
 a - a +5 executioner's axe of chopping
 w - a +0 flail of protection (weapon)
Armour
 e - a +0 pair of gloves (worn)
 s - a +1 helmet (worn)
 u - a +2 chain mail of cold resistance (worn)
 v - the +0 pair of boots of Altruism (worn) {rPois Int+2}
   (You acquired it on level 12 of the Dungeon)

   It affects your intelligence (+2).
   It protects you from poison.
 y - the +1 cloak "Sabuziz" (worn) {rElec rN+ Regen+ Str-4 Int-2}
   (You bought it in a shop on level 14 of the Dungeon)

   It affects your strength (-4).
   It affects your intelligence (-2).
   It insulates you from electricity.
   It protects you from negative energy.
   It increases your rate of regeneration.
Jewellery
 f - an uncursed ring of protection from fire
 m - an uncursed ring of protection from magic
 o - a +5 ring of dexterity (right hand)
 t - an uncursed ring of teleportation
 F - the ring of Order (left hand) {MR+ Str+6 Stlth-}
   (You found it on level 6 of the Lair of Beasts)

   [ring of protection from magic]

   It affects your strength (+6).
   It affects your resistance to hostile enchantments.
   It makes you less stealthy.
 K - an uncursed amulet of stasis
Magical devices
 d - a wand of heal wounds (4)
 h - a wand of digging (5)
 j - a wand of polymorph (7)
 B - a wand of disintegration (8)
 D - a wand of teleportation (3)
Scrolls
 c - a scroll of immolation
 r - 2 scrolls of remove curse
 G - 3 scrolls of blinking
Potions
 g - 6 potions of curing
 i - 2 potions of lignification
 l - a potion of haste
 p - a potion of resistance
 x - a potion of agility
 z - a potion of poison {unknown}
 A - a potion of flight {unknown}
 H - a potion of heal wounds {unknown}
 I - 2 potions of restore abilities
 J - a potion of might
 L - a potion of brilliance {unknown}
Miscellaneous
 k - a stone of tremors
Comestibles
 b - 5 bread rations
 q - 3 meat rations


   Skills:
 + Level 8.0 Fighting
 + Level 18.6 Axes
 + Level 11.3 Armour
 + Level 6.3 Dodging
   Level 3.2 Shields
 - Level 2.7 Invocations
 - Level 6.2 Evocations


You had 12 spell levels left.
You didn't know any spells.

Dungeon Overview and Level Annotations

Branches:
Dungeon (15/15)            Temple (1/1) D:6            Lair (8/8) D:8
  Swamp (5/5) Lair:4        Snake (0/5) Lair:3          Orc (4/4) D:12
    Elf (0/3) Orc:4
  Slime: Lair:6-8    Vaults: D:13-14     Depths: D:15

Altars:
Ashenzari
Dithmenos
Elyvilon
Gozag
Makhleb
Nemelex Xobeh
Okawaru
Qazlal
Ru
Sif Muna
Trog
Vehumet
Xom
Yredelemnul
The Shining One
Beogh

Shops:
D:14 [=   D:15 ?   Orc:4 :

Annotations:
Swamp:4 Norris


Innate Abilities, Weirdness & Mutations

You are resistant to damage.
You can recharge devices by infusing magical energy.
You passively map the area around you.
You do not heal naturally.
You have sharp fingernails.
You can translocate small distances at will.
Your mind is acute. (Int +2)
Your system is resistant to poisons.
You occasionally shout uncontrollably at your foes.
Space occasionally distorts in your vicinity.


Message History

The seven-headed hydra bites you!
* * * LOW HITPOINT WARNING * * *
The seven-headed hydra closely misses you.
The seven-headed hydra misses you.
The seven-headed hydra closely misses you.
Unknown command.
Use which ability? (? or * to list) Charge which item? (? for menu, Esc to quit)
Your wand of heal wounds (0) glows for a moment and now has 4 charges.
The eight-headed hydra bites you but does no damage.
The eight-headed hydra bites you!
* * * LOW HITPOINT WARNING * * *
The eight-headed hydra bites you but does no damage.
The eight-headed hydra barely misses you. x2
The eight-headed hydra misses you.
The eight-headed hydra bites you but does no damage.
The eight-headed hydra bites you!
* * * LOW HITPOINT WARNING * * *
The seven-headed hydra bites you.
You die...

≈ *≈≈≈≈ , ≈
* ♣≈.<≈♣ ,,
≈§≈≈♣ *
♣♣♣♣♣♣.≈D♣ *
≈ *♣..≈*
#≈≈≈.Dk..≈
**♣♣♣...♣♣
*,
,##.#††k..#
, , *
*♣.≈≈♣≈≈≈♣#,
.......≈
♣.≈..≈≈≈<# ,
#.(..≈.k(
♣♣♣♣≈≈≈≈.# ,
#.≈...PP. *
* ♣♣≈≈DD##
,, +.8P.)≈.(
*, , ♣♣♣@§≈#
* #....##P≈
, ♣♣≈≈#
,..8.$#,P( ≈
≈,≈ ♣≈§# 8
,.≈# , , ,
♣♣... , ,≈
,, , , *..≈.
, ⌠ ≈ * ,≈ *
...≈. * * *
* * .... , ⌠
* *, ≈.. , *
* ,,,, ≈*≈ ≈
,


You could see an eight-headed hydra and a seven-headed hydra.

Vanquished Creatures
  Josephine (D:10)
  5 hydras
  3 ghost crabs
  Erica (Lair:5)
  An ogre mage (D:13)
  A centaur warrior (D:13)
  A skeletal warrior (D:10)
  5 swamp dragons
  2 shambling mangroves (Swamp:2)
  An oklob plant (D:9)
  A griffon (Lair:7)
  A cyclops (D:13)
  2 ugly things
  3 black mambas
  5 centaur zombies
  8 spiny frogs
  An efreet (D:14)
  6 komodo dragons
  A tengu conjurer (D:13)
  2 giant leeches (Swamp:4)
  5 ravens
  7 bog bodies
  3 shadows
  A basilisk (Lair:5)
  2 deep elf magi
  2 flying skulls (D:10)
  5 hippogriffs
  4 wolves (D:10)
  Grum (D:10)
  A hungry ghost (D:7)
  2 wyverns
  6 porcupines
  A naga (Lair:3)
  3 wargs (D:8)
  3 insubstantial wisps (Swamp:5)
  7 swamp worms
  8 water moccasins
  4 swamp drakes
  An eye of draining (D:10)
  19 orc warriors
  3 centaurs
  A sky beast (D:7)
  7 crocodiles
  4 ogres
  4 necrophages (D:10)
  Sigmund (D:4)
  A wyvern zombie (D:10)
  Blork the orc (D:4)
  9 giant frogs
  A water moccasin skeleton (D:10)
  2 wyvern skeletons (D:10)
  A scorpion (D:9)
  5 wights (D:10)
  2 killer bees (D:10)
  A centaur skeleton (D:10)
  A wasp zombie (D:10)
  3 hounds
  5 jellies
  A crimson imp (D:5)
  4 giant frog skeletons
  19 orc priests
  3 iguanas
  9 orc wizards
  9 worker ants
  2 killer bee zombies (D:10)
  A hound skeleton (D:10)
  2 worker ant zombies
  12 adders
  28 river rats
  3 shadow imps
  A worm (D:6)
  An adder zombie (D:8)
  An adder skeleton (D:10)
  5 giant geckos
  An ooze (D:5)
  109 orcs
  A bat skeleton (D:5)
  2 bat zombies
  3 giant cockroaches
  5 goblins
  8 hobgoblins
  4 quokkas
  4 bats
  2 giant newts
  A giant spore (D:13)
  4 jackals (D:3)
  5 kobolds
  An orc zombie (D:10)
  A quokka skeleton (D:9)
  A rat (D:5)
  3 ballistomycetes
  A fungus (Lair:4)
445 creatures vanquished.

Vanquished Creatures (collateral kills)
  Maud (Lair:5)
  A hound (Lair:5)
2 creatures vanquished.

Vanquished Creatures (others)
  A spriggan druid (Swamp:3)
  2 spiny frogs (Swamp:3)
  An orange demon (Swamp:5)
  2 hellwings (Swamp:5)
  A ynoxinul (Swamp:5)
  A raven zombie (D:13)
  4 insubstantial wisps (Swamp:3)
  A quasit (D:10)
  An orc wizard (D:9)
  4 giant spores
  2 fungi
20 creatures vanquished.

Grand Total: 467 creatures vanquished

Notes
Turn   | Place    | Note
--------------------------------------------------------------
     0 | D:1      | Charly, the Deep Dwarf Fighter, began the quest for the Orb.
     0 | D:1      | Reached XP level 1. HP: 20/20 MP: 1/1
    94 | D:2      | Reached XP level 2. HP: 12/27 MP: 2/2
   137 | D:2      | Reached skill level 4 in Axes
   137 | D:2      | Reached XP level 3. HP: 9/33 MP: 3/3
   159 | D:3      | Found a stormy altar of Qazlal.
   282 | D:4      | Reached skill level 5 in Axes
   282 | D:4      | Reached XP level 4. HP: 25/40 MP: 4/4
   326 | D:4      | Noticed Sigmund
   326 | D:4      | Noticed Blork the orc
   335 | D:4      | Killed Sigmund
   335 | D:4      | Reached skill level 6 in Axes
   335 | D:4      | Reached XP level 5. HP: 37/46 MP: 5/5
   336 | D:4      | Killed Blork the orc
   473 | D:4      | Found a sparkling altar of Nemelex Xobeh.
   478 | D:5      | Entered Level 5 of the Dungeon
   490 | D:5      | Found a white marble altar of Elyvilon.
   516 | D:5      | Reached skill level 7 in Axes
   516 | D:5      | Reached XP level 6. HP: 43/55 MP: 6/6
   552 | D:5      | Noticed an ogre
   559 | D:5      | Killed an ogre
   578 | D:5      | Noticed a centaur
   584 | D:5      | Killed a centaur
   584 | D:5      | Reached skill level 8 in Axes
   687 | D:6      | Reached XP level 7. HP: 23/61 MP: 7/7
   741 | D:7      | Reached skill level 9 in Axes
   868 | D:6      | Found a staircase to the Ecumenical Temple.
   876 | Temple   | Entered the Ecumenical Temple
   904 | D:6      | HP: 3/61 [iguana (3)]
   907 | D:6      | Reached skill level 10 in Axes
   939 | D:6      | You fall through a shaft!
  1059 | D:9      | Reached XP level 8. HP: 24/68 MP: 8/8
  1122 | D:8      | Found a burning altar of Makhleb.
  1125 | D:8      | Became a worshipper of Makhleb the Destroyer
  1167 | D:10     | Entered Level 10 of the Dungeon
  1182 | D:10     | Noticed Grum
  1195 | D:10     | HP: 1/69 [Grum/spear (8)]
  1224 | D:10     | Killed Grum
  1245 | D:10     | Reached skill level 11 in Axes
  1249 | D:10     | Reached skill level 1 in Dodging
  1413 | D:10     | Gained mutation: You passively map the area around you. [level up]
  1413 | D:10     | Reached XP level 9. HP: 43/78 MP: 6/6
  1429 | D:10     | Found a sacrificial altar of Ru.
  1458 | D:10     | Reached skill level 5 in Armour
  1489 | D:10     | Acquired Makhleb's first power
  1557 | D:12     | Found a flagged portal.
  1562 | Bailey   | Entered a bailey
  1744 | Bailey   | Noticed an orc knight
  1762 | Bailey   | Reached skill level 12 in Axes
  1958 | D:12     | Identified a scroll of acquirement
  1959 | D:12     | Got a pair of distressingly furry boots
  1965 | D:12     | Identified the +0 pair of boots of Altruism {rPois Int+2} (You acquired it on level 12 of the Dungeon)
  1974 | D:12     | Found a staircase to the Orcish Mines.
  1976 | D:12     | Noticed a five-headed hydra
  1979 | D:13     | Noticed a centaur zombie
  1985 | D:13     | Killed a centaur zombie
  1985 | D:13     | Acquired Makhleb's second power
  2060 | D:13     | Noticed a centaur warrior
  2083 | D:13     | Killed a centaur warrior
  2083 | D:13     | Reached skill level 13 in Axes
  2083 | D:13     | Reached XP level 10. HP: 40/87 MP: 4/4
  2148 | D:12     | Noticed a red ugly thing
  2253 | D:13     | Found a shimmering altar of Xom.
  2286 | D:13     | Noticed an ogre mage
  2287 | D:13     | Noticed a cyan ugly thing
  2288 | D:13     | Noticed a vault guard
  2289 | D:13     | Noticed a vault guard
  2300 | D:13     | Noticed a cyclops
  2388 | D:14     | Found Nuqef's Antique Armour Shoppe.
  2405 | D:14     | Reached skill level 14 in Axes
  2436 | D:15     | Entered Level 15 of the Dungeon
  2436 | D:15     | Found Shurphup's Magic Scroll Shoppe.
  2444 | D:15     | Bought a scroll of enchant weapon for 75 gold pieces
  2444 | D:15     | Bought a scroll of magic mapping for 35 gold pieces
  2462 | D:14     | Found Gujiashri's Jewellery Shop.
  2479 | D:14     | Noticed an efreet
  2487 | D:14     | Killed an efreet
  2506 | D:13     | Killed a cyan ugly thing
  2517 | D:13     | Killed a cyclops
  2525 | D:13     | Killed an ogre mage
  2537 | D:12     | Noticed a red ugly thing
  2559 | D:13     | Killed a five-headed hydra
  2559 | D:13     | Reached skill level 15 in Axes
  2575 | Orc:1    | Entered Level 1 of the Orcish Mines
  2584 | Orc:1    | Reached XP level 11. HP: 33/93 MP: 2/2
  2622 | Orc:2    | Acquired Makhleb's third power
  2672 | Orc:4    | Entered Level 4 of the Orcish Mines
  2683 | Orc:4    | Found Axzidairr's Book Boutique.
  2750 | Orc:4    | Found a staircase to the Elven Halls.
  2771 | Orc:4    | Acquired Makhleb's fourth power
  2807 | Orc:4    | Found a roughly hewn altar of Beogh.
  2819 | Orc:4    | Reached skill level 1 in Evocations
  3067 | Orc:3    | Found a radiant altar of Vehumet.
  3131 | Orc:1    | Acquired Makhleb's fifth power
  3220 | D:12     | Killed a red ugly thing
  3288 | D:14     | Bought a smoking cloak for 313 gold pieces
  3293 | D:14     | Identified the +1 cloak "Sabuziz" {rElec rN+ Regen+ Str-4 Int-2} (You bought it in a shop on level 14 of the Dungeon)
  3444 | D:10     | Noticed a skeletal warrior
  3445 | D:10     | Noticed a centaur zombie
  3458 | D:10     | Killed a skeletal warrior
  3458 | D:10     | Reached skill level 16 in Axes
  3462 | D:10     | Noticed a centaur zombie
  3467 | D:10     | Killed a centaur zombie
  3467 | D:10     | Reached skill level 5 in Evocations
  3471 | D:10     | Killed a centaur zombie
  3486 | D:10     | Noticed Josephine
  3492 | D:10     | Killed Josephine
  3608 | D:9      | Noticed a deep elf mage
  3615 | D:9      | Killed a deep elf mage
  3660 | D:8      | Found a staircase to the Lair.
  3667 | D:8      | Reached skill level 5 in Fighting
  3690 | Lair:1   | Entered Level 1 of the Lair of Beasts
  3724 | Lair:1   | Reached skill level 17 in Axes
  3724 | Lair:1   | Reached XP level 12. HP: 62/103 MP: 6/6
  3834 | Lair:2   | Noticed a seven-headed hydra
  3836 | Lair:3   | Found a staircase to the Snake Pit.
  3967 | Lair:4   | Gained mutation: You expend magic power (3 MP) to slightly strengthen your wands. [potion of mutation]
  3967 | Lair:4   | Gained mutation: You occasionally shout uncontrollably at your foes. [potion of mutation]
  3967 | Lair:4   | Lost mutation: You expend magic power (3 MP) to slightly strengthen your wands. [potion of mutation]
  3968 | Lair:4   | Gained mutation: Space occasionally distorts in your vicinity. [potion of mutation]
  3968 | Lair:4   | Gained mutation: You have sharp fingernails. [potion of mutation]
  4026 | Lair:5   | Noticed Erica
  4033 | Lair:5   | Killed Erica
  4076 | Lair:6   | Noticed a six-headed hydra
  4114 | Lair:5   | Noticed Maud
  4137 | Lair:5   | Killed Maud
  4217 | Lair:7   | Noticed an eight-headed hydra
  4255 | Lair:6   | Killed a six-headed hydra
  4320 | Lair:5   | Gained mutation: Your mind is acute. (Int +2) [potion of mutation]
  4320 | Lair:5   | Gained mutation: You can translocate small distances at will. [potion of mutation]
  4320 | Lair:5   | Gained mutation: Your system is resistant to poisons. [potion of mutation]
  4458 | Lair:8   | Entered Level 8 of the Lair of Beasts
  4473 | Lair:7   | You fall through a shaft!
  4602 | Lair:8   | Reached skill level 18 in Axes
  4666 | Lair:6   | Got a brightly glowing granite ring
  4668 | Lair:6   | Identified the ring of Order {MR+ Str+6 Stlth-} (You found it on level 6 of the Lair of Beasts)
  4689 | Lair:6   | Reached skill level 10 in Armour
  4799 | Lair:4   | Found a staircase to the Swamp.
  4833 | Swamp:1  | Entered Level 1 of the Swamp
  4903 | Swamp:2  | Found an opulent altar of Gozag.
  5025 | Swamp:3  | Noticed a ghost crab
  5066 | Swamp:2  | Reached XP level 13. HP: 91/115 MP: 7/7
  5109 | Swamp:2  | Noticed a ghost crab
  5116 | Swamp:2  | Killed a ghost crab
  5158 | Swamp:3  | Noticed a ghost crab
  5168 | Swamp:3  | Killed a ghost crab
  5168 | Swamp:3  | Reached skill level 5 in Dodging
  5232 | Swamp:3  | Killed a ghost crab
  5348 | Swamp:5  | Entered Level 5 of the Swamp
  5435 | Swamp:4  | Noticed Norris
  5516 | Swamp:5  | HP: 2/117 [eight-headed hydra (6)]
  5516 | Swamp:5  | Slain by a seven-headed hydra

Action                   |  1- 3 |  4- 6 |  7- 9 | 10-12 | 13-15 || total
-------------------------+-------+-------+-------+-------+-------++-------
Melee: War axe           |    75 |    17 |       |       |       ||    92
       Battleaxe         |       |    26 |   233 |       |       ||   259
       Executioner's axe |       |       |    28 |   466 |   103 ||   597
       Broad axe         |       |       |     2 |       |       ||     2
       Flail             |       |       |       |    22 |    28 ||    50
 Fire: Arbalest          |       |       |    35 |       |       ||    35
Invok: Lesser Servant of |       |       |       |     3 |     5 ||     8
 Abil: Device Recharging |       |       |    10 |     5 |     2 ||    17
       Blink             |       |       |       |       |     3 ||     3
Evoke: Wand              |     1 |     4 |    44 |    30 |    11 ||    90
  Use: Potion            |       |     1 |     2 |     4 |     1 ||     8
       Scroll            |       |     6 |    11 |    15 |     3 ||    35
 Stab: Distracted        |       |       |       |     1 |       ||     1
       Invisible         |       |       |       |       |     4 ||     4
  Eat: Meat ration       |       |       |     1 |       |       ||     1
       Royal jelly       |       |       |     1 |       |       ||     1
       Pizza             |       |       |     1 |     2 |       ||     3
       Beef jerky        |       |       |       |     1 |       ||     1
       Chunk             |       |       |       |     4 |     2 ||     6
